Map: Battle on the Boardwalk LE

Players

HeroMarine - Winner!

  • Race: Terran Terran
  • League: Master
  • Spawn Location: 11:00

Namshar

  • Race: Zerg Zerg
  • League: Grandmaster
  • Spawn Location: 1:00

Event: HomeStory Cup XVI

VOD

Have the link to the VOD?

Description

Time

  • Played on: Nov. 10, 2017, 1:49 p.m.
  • Length: 9:53

All games in this series

Show
View Real Time Build Order
Export as new Build Order

HeroMarine Terran - Winner!

Build Orders: Gas First Reaper Expand, Reaper Expand, MMM Bio 

Get SALT Encoding   

  12  0:00  SCV  
  13  0:12  SCV  
  14  0:17  Supply Depot  
  14  0:25  SCV  
  15  0:28  Refinery  
  15  0:38  SCV  
  16  0:44  Barracks  
  16  0:50  SCV  
  17  1:03  SCV  
  18  1:15  SCV  
  19  1:32  Reaper, Orbital Command  
  20  1:43  Command Center  
  20  1:58  SCV  
  20  1:59  Factory  
  21  2:08  Barracks Reactor  
  21  2:09  Supply Depot  
  21  2:12  SCV  
  22  2:15  Refinery  
  22  2:24  SCV  
  23  2:36  SCV  
  24  2:44  Marine x2  
  24  2:45  Starport  
  24  2:48  SCV  
  24  2:49  Widow Mine  
  29  2:56  Orbital Command  
  29  3:00  SCV  
  29  3:03  Marine x2  
  32  3:13  SCV  
  33  3:21  Marine x2  
  33  3:25  SCV  
  33  3:26  Medivac  
  38  3:27  Factory Tech Lab  
  38  3:28  SCV  
  38  3:31  Supply Depot  
  39  3:37  SCV  
  39  3:38  Marine  
  39  3:39  Marine  
  39  3:40  SCV  
  43  3:44  Supply Depot  
  46  3:53  SCV x2  
  48  3:58  Marine x2  
  47  4:05  SCV x2, Siege Tank  
  47  4:08  Medivac  
  47  4:09  Bunker  
  54  4:13  Supply Depot  
  54  4:17  SCV x2, Marine x2  
  58  4:32  SCV x2  
  58  4:34  Marine  
  58  4:35  Marine  
  58  4:37  Supply Depot, Siege Tank  
  58  4:38  Medivac  
  66  4:48  SCV x2  
  66  4:52  Marine x2  
  66  4:56  Barracks  
  66  4:57  Barracks  
  66  4:58  Liberator, Engineering Bay  
  68  5:05  SCV x2  
  66  5:10  Marine x2  
  64  5:16  Refinery  
  64  5:17  Refinery, SCV x2  
  64  5:19  Supply Depot  
  69  5:27  Siege Tank  
  69  5:28  Supply Depot  
  72  5:38  Marine x2  
  72  5:42  SCV x2  
  76  5:46  Barracks Tech Lab  
  76  5:53  Supply Depot, Barracks, Barracks Tech Lab  
  76  5:55  Marine  
  76  5:56  Barracks, Marine  
  78  5:59  Starport Reactor  
  78  6:04  Marine  
  78  6:11  Stimpack  
  79  6:13  Terran Infantry Weapons Level 1, Marine x2  
  79  6:14  Supply Depot  
  79  6:16  Combat Shields, Marine  
  82  6:22  Marine  
  83  6:30  Siege Tank  
  83  6:31  Marine x2  
  83  6:32  Supply Depot  
  88  6:33  Marine  
  88  6:36  Supply Depot  
  89  6:40  Marine  
  89  6:49  Marine  
  89  6:50  Marine  
  89  6:51  Barracks Reactor x2, Marine  
  89  6:52  Supply Depot  
  89  6:53  Supply Depot  
  90  6:56  Medivac  
  90  6:58  Marine  
  93  7:04  Siege Tank  
  93  7:07  Marine  
  93  7:08  Marine  
  97  7:09  Marine  
  97  7:13  Supply Depot  
  99  7:16  Marine  
  99  7:17  Medivac  
  102  7:24  Marine  
  102  7:26  Medivac, Marine  
  102  7:27  Marine  
  107  7:33  Marine  
  107  7:36  Marine x4  
  112  7:42  Marine, Liberator, Siege Tank  
  112  7:44  Marine  
  116  7:45  Marine  
  116  7:47  Liberator  
  120  7:51  Marine  
  120  7:53  Marine  
  120  7:54  Marine x3  
  125  8:00  Marine  
  125  8:01  Marine  
  131  8:07  Marine  
  131  8:09  Marine  
  131  8:11  Marine  
  134  8:16  Marine x2  
  136  8:20  Marine  
  136  8:21  Marine x2  
  136  8:25  Siege Tank  
  136  8:26  Marauder  
  141  8:27  Marine  
  141  8:29  Marine  
  138  8:34  Marine  
  138  8:38  Marine x2  
  140  8:43  Marine  
  140  8:45  Marauder, Marine  
  140  8:47  Marine x2  
  144  8:49  Medivac  
  144  8:50  Liberator  
  131  9:01  Marine x2  
  131  9:02  Marine x2  
  111  9:03  Marine  
  111  9:05  Marine  
  111  9:06  Marauder  
  117  9:21  Marauder  
  119  9:24  Marine x2  
  119  9:25  Marine x2  
  119  9:31  Marine x2  
  122  9:33  Marine  
Show
View Real Time Build Order
Export as new Build Order

Namshar Zerg 

Build Orders: Hatch First 

Get SALT Encoding   

  12  0:00  Drone  
  13  0:12  Overlord  
  13  0:17  Drone  
  14  0:30  Drone x2  
  14  0:35  Drone  
  17  0:51  Hatchery  
  17  0:55  Drone  
  17  0:57  Drone  
  18  1:09  Extractor  
  17  1:12  Spawning Pool  
  17  1:16  Drone  
  17  1:18  Drone  
  18  1:27  Drone  
  19  1:38  Overlord  
  19  1:49  Drone  
  20  1:58  Queen  
  20  2:00  Zergling x2  
  23  2:03  Queen, Zergling x2  
  26  2:12  Metabolic Boost  
  26  2:13  Drone  
  26  2:14  Drone  
  28  2:31  Hatchery  
  27  2:39  Drone x2  
  27  2:43  Queen  
  31  2:46  Drone  
  31  2:50  Overlord  
  32  2:54  Drone  
  32  2:57  Drone  
  34  3:00  Drone  
  34  3:04  Overlord  
  35  3:07  Drone  
  36  3:15  Drone x3  
  36  3:16  Drone  
  40  3:25  Queen  
  42  3:27  Queen  
  42  3:30  Overlord  
  42  3:33  Drone x2  
  46  3:35  Drone  
  47  3:42  Overlord  
  47  3:45  Queen  
  49  3:50  Zergling x8  
  53  4:01  Overlord  
  53  4:06  Zergling x6  
  55  4:10  Drone x6  
  61  4:21  Drone x4  
  65  4:33  Drone x2  
  65  4:34  Drone x2  
  65  4:36  Spore Crawler x2  
  67  4:38  Spore Crawler  
  67  4:39  Overlord  
  67  4:40  Overlord  
  65  4:48  Drone x4  
  65  4:49  Drone x2  
  71  4:55  Overlord  
  71  4:57  Hatchery  
  68  5:10  Drone x8  
  68  5:12  Extractor x2, Queen  
  68  5:13  Lair  
  76  5:21  Drone  
  76  5:22  Extractor  
  76  5:26  Zergling x14  
  83  5:33  Overlord  
  82  5:36  Zergling x2  
  83  5:46  Queen  
  83  5:47  Queen  
  87  5:52  Overlord  
  87  5:53  Zergling x20  
  97  6:09  Drone x4  
  101  6:20  Drone  
  101  6:21  Drone x5  
  101  6:24  Queen  
  101  6:25  Extractor  
  108  6:27  Extractor  
  108  6:31  Evolution Chamber  
  108  6:32  Infestation Pit  
  105  6:34  Drone  
  105  6:35  Evolution Chamber, Drone x2  
  105  6:36  Drone x3  
  105  6:37  Drone, Zergling x2  
  105  6:38  Zergling x6  
  115  6:51  Drone x2  
  117  6:55  Drone x2  
  117  7:00  Overlord x3, Zerg Ground Armor Level 1, Zerg Melee Weapons Level 1  
  117  7:01  Overlord x3  
  119  7:05  Baneling Nest  
  118  7:15  Hive, Drone  
  118  7:16  Overlord x3  
  118  7:17  Hatchery  
  118  7:26  Drone x2  
  118  7:27  Zergling x12  
  126  7:34  Pathogen Glands  
  126  7:35  Burrow  
  126  7:47  Centrifical Hooks  
  126  7:48  Baneling  
  126  7:49  Baneling x11  
  126  7:50  Baneling x4  
  126  7:53  Zergling x2  
  126  7:54  Zergling x12  
  133  8:00  Extractor, Drone x2  
  133  8:01  Drone x3  
  133  8:02  Overlord x2, Drone  
  138  8:09  Zergling x6  
  138  8:10  Zergling x8  
  145  8:15  Baneling x4, Zergling x2  
  145  8:16  Zergling x2  
  145  8:18  Zergling x2  
  145  8:19  Zergling x2  
  149  8:23  Zergling x2  
  149  8:24  Baneling x5  
  146  8:29  Ultralisk Cavern  
  146  8:30  Zergling x2  
  146  8:31  Zergling x8  
  146  8:32  Zergling x6  
  133  8:36  Zergling x2  
  133  8:37  Zergling x8  
  133  8:40  Zergling x2  
  133  8:41  Zergling x6  
  136  8:45  Zergling x2  
  116  8:59  Zergling x14  
  116  9:00  Zergling x2  
  116  9:02  Baneling x3  
  107  9:03  Baneling x4  
  107  9:05  Zergling x10  
  107  9:06  Queen  
  106  9:10  Zergling x2  
  106  9:15  Zergling x4  
  106  9:16  Zergling x2  
  107  9:19  Zergling x2  
  107  9:22  Zergling x2  
  108  9:30  Zergling x2  
  108  9:31  Zergling x4  
Tags
 
Add a new tag
Caveats
  • Supply blocks, unpowered buildings, or Contaminate may cause inaccurate times.
  • Supply counts are checked every 10 seconds.